 Dungeon Crawl Stone Soup version 0.21.1-1-g345015f (webtiles) character file.

81 VLARC the Skirmisher (level 4, -1/49 HPs)
             Began as an Ogre Wizard on Mar 21, 2018.
             Slain by Natasha (4 damage)
             ... on level 2 of the Dungeon.
             The game lasted 00:03:12 (2370 turns).

VLARC the Skirmisher (Ogre Wizard)                  Turns: 2370, Time: 00:03:12

Health: -1/49      AC:  3    Str: 11    XL:     4   Next: 40%
Magic:  1/9        EV: 10    Int: 20    God:
Gold:   49         SH:  0    Dex:  7    Spells: 9/10 levels left

rFire    . . .     SeeInvis .   h - +0 whip
rCold    . . .     Gourm    .   (no shield)
rNeg     . . .     Faith    .   a - +0 robe
rPois    .         Spirit   .   b - +0 hat
rElec    .         Reflect  .   (no cloak)
rCorr    .         Harm     .   (gloves unavailable)
MR       .....                  (boots unavailable)
Stlth    +.........             (no amulet)
HPRegen  0.16/turn              (no ring)
MPRegen  0.11/turn              (no ring)

@: slowed, very slow
A: large, unfitting armour, tough skin 1
a: no special abilities


You were on level 2 of the Dungeon.
You were not hungry.

You visited 1 branch of the dungeon, and saw 2 of its levels.

You collected 49 gold pieces.

Inventory:

Hand Weapons
 h - a +0 whip (weapon)
Armour
 a - a +0 robe (worn)
 b - a +0 hat (worn)
Scrolls
 e - 3 scrolls of identify
 f - a scroll of remove curse
 g - 2 scrolls of teleportation {unknown}
 j - a scroll of fog {unknown}
Books
 c - a book of Minor Magic

   Spells                             Type                      Level
   a - Magic Dart                     Conjuration                  1
   b - Blink                          Translocation                2
   c - Call Imp                       Summoning                    2
   d - Slow                           Hexes                        2
   e - Conjure Flame                  Conjuration/Fire             3
   f - Mephitic Cloud                 Conjuration/Poison/Air       3
Comestibles
 d - 5 rations


   Skills:
 + Level 4.4 Fighting
 + Level 1.4 Maces & Flails
 - Level 1.7 Dodging
 - Level 1.4 Stealth
 - Level 3.6 Spellcasting
 - Level 0.8 Conjurations
   Level 0.8 Summonings
   Level 0.8 Translocations


You had 9 spell levels left.
You knew the following spells:

 Your Spells              Type           Power        Failure   Level  Hunger
a - Magic Dart            Conj           #...         10%         1    None


Dungeon Overview and Level Annotations

Branches:
Dungeon (2/15)

Altars:
Trog

Annotations:
D:2 Natasha


Innate Abilities, Weirdness & Mutations

You are too large for most types of armour.
You have tough skin. (AC +1)


Message History

Confirm with . or Enter, or press ? or * to list all spells.
Aiming: Magic Dart
Press: ? - help, Shift-Dir - straight line, f/p - Natasha
Aim: Natasha (heavily wounded)
The magic dart hits Natasha.
Natasha is heavily wounded.
Natasha stares at you and mumbles some strange words.
You feel as though you will be slow longer.
The crimson imp shouts, "Away with thee, thou pottle-deep ditch-delivered wagtail!"
Natasha claws you.
* * * LOW HITPOINT WARNING * * *
As you read the scroll labeled MUR DIS DEA, it crumbles to dust.
It is a scroll of identify.
f - a scroll of remove curse Natasha barely misses you.
The crimson imp blinks!
You aren't carrying any potions.
You hit Natasha but do no damage.
Natasha is heavily wounded.
Natasha claws you.
You die...

#..........$..
######..........
#.........####'#
######.........####.#
#....'..............#
##.###...........####
#.# #...........+ ..
#.###5..........# #.
#..@h§.5.)......# #.
#####...........# #.
#...........# #.
#####.5.....# #.
###.......###.
#.............
#...#####.....
###...##........
#......#....#<..


You could see Natasha, 2 crimson imps and a shadow imp.

Vanquished Creatures
  4 adders (D:2)
  A leopard gecko (D:1)
  A ball python (D:2)
  A giant cockroach (D:1)
  4 hobgoblins
  6 jackals
  6 kobolds
  7 bats
  A frilled lizard (D:1)
  4 goblins
  4 rats
39 creatures vanquished.

Notes
Turn   | Place    | Note
-------+----------+-------------------------------------------
     0 | D:1      | VLARC the Ogre Wizard began the quest for the Orb.
     0 | D:1      | Reached XP level 1. HP: 16/16 MP: 5/5
   103 | D:1      | Reached skill level 1 in Fighting
   296 | D:1      | Reached skill level 2 in Fighting
   296 | D:1      | Reached XP level 2. HP: 19/28 MP: 0/6
   761 | D:1      | Reached skill level 3 in Fighting
  1147 | D:1      | Reached XP level 3. HP: 37/37 MP: 2/8
  1935 | D:2      | Found a bloodstained altar of Trog.
  1981 | D:2      | Reached skill level 4 in Fighting
  1981 | D:2      | Reached skill level 1 in Maces & Flails
  2079 | D:2      | Reached XP level 4. HP: 48/48 MP: 3/9
  2340 | D:2      | Noticed Natasha
  2370 | D:2      | Slain by Natasha

Skill      XL: |  1  2  3 |
---------------+----------+-----
Fighting       | 2 3 4 |  4.4
Maces & Flails | 1 |  1.4
Dodging        | |  1.7
Stealth        | |  1.4
Spellcasting   | |  3.6
Conjurations   | |  0.8
Summonings     | |  0.8
Translocations | |  0.8

Action                   |  1- 3 |  4- 6 || total
-------------------------+-------+-------++-------
Melee: Unarmed           |    54 |       ||    54
       Whip              |       |     8 ||     8
 Cast: Magic Dart        |    94 |    23 ||   117
  Use: Scroll            |       |     1 ||     1
       Potion            |       |     1 ||     1
  Eat: Chunk             |     3 |     1 ||     4
Armor: Robe              |    31 |     7 ||    38
Dodge: Dodged            |    56 |    12 ||    68
